Map: Dusk Towers

Players

Muffinmanlol

  • Race: Zerg Zerg
  • League: Master

Pokebunny - Winner!

  • Race: Terran Terran
  • League: Grandmaster

VOD

Have the link to the VOD?

Description

Time

  • Played on: April 5, 2016, 3:42 p.m.
  • Length: 18:11
Show
View Real Time Build Order
Export as new Build Order

Muffinmanlol Zerg 

Build Orders: Hatch First 

Get SALT Encoding   

  12  0:00  Drone  
  13  0:12  Overlord  
  13  0:18  Drone  
  14  0:30  Drone x2  
  14  0:34  Drone  
  17  0:52  Hatchery  
  17  0:54  Drone  
  17  0:57  Drone  
  18  1:01  Extractor  
  17  1:13  Spawning Pool  
  17  1:15  Drone  
  17  1:18  Drone  
  18  1:27  Drone  
  19  1:39  Overlord  
  19  1:59  Queen  
  19  2:00  Zergling x2  
  19  2:01  Zergling x2, Metabolic Boost  
  23  2:04  Queen  
  23  2:06  Drone  
  26  2:11  Drone  
  26  2:15  Drone  
  28  2:21  Drone  
  29  2:27  Drone  
  30  2:35  Queen  
  32  2:39  Overlord  
  32  2:40  Queen  
  32  2:43  Drone  
  35  2:45  Drone  
  36  3:02  Drone x2  
  36  3:04  Hatchery  
  37  3:06  Overlord  
  37  3:11  Drone x2  
  39  3:15  Drone x2  
  39  3:18  Drone  
  42  3:21  Drone x2  
  44  3:29  Roach Warren  
  44  3:30  Drone  
  44  3:35  Drone  
  45  3:42  Drone x4  
  45  3:43  Drone, Extractor x2  
  45  3:47  Overlord  
  48  3:52  Drone  
  49  4:00  Drone  
  49  4:01  Drone  
  49  4:02  Drone  
  50  4:10  Baneling Nest  
  50  4:12  Roach x3, Drone  
  50  4:13  Roach  
  58  4:17  Queen  
  58  4:22  Overlord  
  60  4:30  Lair  
  60  4:36  Evolution Chamber  
  59  4:38  Overlord x2  
  59  4:41  Drone x5  
  65  5:00  Drone x3  
  65  5:02  Extractor  
  65  5:03  Zerg Missile Weapons Level 1  
  65  5:06  Drone x6  
  65  5:07  Drone  
  73  5:10  Drone  
  73  5:11  Drone x2  
  73  5:12  Drone x2  
  78  5:18  Drone x2  
  80  5:31  Ravager x4  
  80  5:32  Roach x3  
  80  5:33  Overlord x3  
  90  5:41  Extractor  
  89  5:42  Extractor  
  87  6:00  Drone x2  
  88  6:05  Drone x3  
  88  6:09  Roach x7  
  88  6:10  Roach x2  
  109  6:15  Overlord  
  109  6:16  Overlord x2  
  109  6:27  Drone  
  109  6:29  Roach x2, Infestation Pit  
  113  6:33  Overlord x2  
  113  6:34  Hatchery  
  112  6:41  Glial Reconstitution  
  103  6:55  Zergling x2  
  103  6:56  Zergling x20  
  103  7:01  Zerg Melee Weapons Level 1  
  112  7:04  Zergling x14  
  112  7:07  Ravager x3  
  112  7:08  Ravager x3  
  125  7:11  Hive  
  125  7:17  Ravager x2  
  125  7:18  Zergling x12  
  125  7:19  Zergling x2  
  129  7:31  Centrifical Hooks  
  129  7:34  Zergling x16  
  137  7:37  Zergling x4  
  126  7:53  Zergling x10  
  126  7:56  Zergling x2  
  117  8:00  Zergling x2  
  117  8:01  Zergling x8  
  119  8:10  Queen  
  121  8:21  Roach, Evolution Chamber  
  121  8:22  Roach x8  
  138  8:33  Zergling x8  
  128  8:40  Drone x4  
  132  8:41  Ultralisk Cavern  
  132  8:43  Zergling x10  
  132  8:45  Baneling  
  132  8:47  Baneling x8  
  132  8:48  Baneling x7  
  136  8:49  Ravager x5  
  136  8:50  Zergling x8  
  136  8:54  Zerg Melee Weapons Level 2, Zerg Ground Armor Level 1  
  136  8:55  Adrenal Glands  
  141  8:58  Zergling x6  
  124  9:03  Zergling x6  
  124  9:04  Zergling x2  
  124  9:07  Zergling x10  
  126  9:12  Zergling x2  
  126  9:13  Zergling x6  
  126  9:15  Zergling x2  
  121  9:18  Zergling x2  
  106  9:29  Chitinous Plating  
  106  9:30  Ultralisk x2  
  112  9:39  Zergling x6, Baneling x4  
  112  9:40  Zergling x4  
  117  9:51  Ultralisk  
  123  9:54  Zergling x4  
  123  9:55  Zergling x6  
  123  9:59  Baneling x3  
  128  10:06  Zergling x18  
  130  10:13  Ultralisk  
  134  10:16  Extractor  
  134  10:17  Extractor  
  134  10:19  Zergling x2  
  134  10:20  Zergling x6  
  132  10:37  Zergling x2  
  132  10:38  Zergling x20  
  128  10:59  Zergling x2  
  128  11:00  Zergling x30  
  133  11:07  Zergling x6  
  134  11:11  Spire  
  134  11:12  Zergling x4  
  134  11:14  Drone x2  
  137  11:23  Hatchery  
  123  11:35  Zergling x12  
  123  11:36  Zergling x2  
  124  11:40  Zergling x8  
  124  11:41  Zergling x8  
  124  11:43  Zergling x2  
  104  11:48  Ultralisk x2  
  104  11:51  Baneling x3  
  110  12:01  Ultralisk  
  110  12:07  Baneling x3  
  110  12:08  Ultralisk  
  117  12:17  Ultralisk  
  117  12:21  Zergling x6  
  126  12:29  Zergling x2  
  128  12:30  Zergling x10  
  132  12:39  Ultralisk  
  132  12:41  Zergling x2  
  134  12:47  Zerg Melee Weapons Level 3  
  134  12:50  Greater Spire  
  134  12:59  Zergling x2  
  134  13:00  Zergling x14  
  134  13:04  Baneling  
  134  13:05  Zergling x4, Baneling  
  139  13:06  Zergling x2  
  141  13:19  Corruptor x3  
  145  13:23  Corruptor  
  143  13:44  Corruptor  
  143  13:45  Corruptor x4  
  134  14:00  Corruptor x3  
  135  14:04  Ultralisk  
  135  14:05  Zergling x2  
  142  14:14  Baneling  
  142  14:15  Baneling x4  
  142  14:18  Ultralisk  
  142  14:22  Zergling x6  
  151  14:25  Zergling x4  
  151  14:29  Zergling x4  
  138  14:48  Zergling x6  
  138  14:49  Zergling x12  
  111  14:55  Zergling x8  
  111  14:59  Ultralisk  
  103  15:02  Zergling x2  
  103  15:03  Zergling x10  
  92  15:24  Ultralisk x2  
  92  15:28  Zergling x10  
  97  15:33  Corruptor  
  98  15:40  Zergling x2  
  98  15:41  Zergling x2  
  99  15:49  Brood Lord, Corruptor  
  103  15:58  Ultralisk  
  109  16:11  Zergling x2  
  109  16:12  Zergling x16  
  109  16:17  Corruptor  
  120  16:37  Hatchery, Corruptor x2  
  123  16:46  Corruptor  
  123  16:53  Corruptor x2  
  128  17:04  Corruptor x2  
  130  17:12  Brood Lord x2  
  134  17:17  Brood Lord  
  136  17:25  Brood Lord  
  136  17:26  Brood Lord  
  138  17:39  Brood Lord  
  138  17:40  Brood Lord  
Show
View Real Time Build Order
Export as new Build Order

Pokebunny Terran - Winner!

Build Orders: Command Center First (CC), Liberator Opening, Bio Tank 

Get SALT Encoding   

  12  0:00  SCV  
  13  0:12  SCV  
  14  0:17  Supply Depot  
  14  0:25  SCV  
  15  0:39  SCV  
  16  0:51  SCV  
  17  1:00  Command Center  
  17  1:04  SCV  
  18  1:13  Barracks  
  18  1:18  SCV  
  19  1:22  Refinery  
  19  1:30  SCV  
  20  1:42  SCV  
  21  1:54  SCV  
  21  2:00  Marine  
  23  2:07  Orbital Command  
  23  2:11  Orbital Command  
  23  2:24  Command Center  
  23  2:28  Marine  
  24  2:34  Factory  
  24  2:37  SCV  
  24  2:40  SCV  
  26  2:48  Supply Depot  
  26  2:50  Barracks Reactor  
  26  2:54  SCV x2  
  26  2:56  Refinery  
  28  3:07  SCV x2  
  30  3:19  SCV  
  32  3:20  SCV  
  32  3:26  Starport  
  32  3:31  SCV  
  32  3:32  SCV  
  32  3:33  Barracks Tech Lab  
  32  3:34  Hellion x2, Refinery x2  
  38  3:36  Orbital Command  
  38  3:43  SCV  
  38  3:44  SCV  
  40  3:52  Liberator  
  40  3:55  Stimpack  
  40  3:56  Hellion x2, SCV x2  
  40  4:00  Marine  
  47  4:11  SCV x2  
  47  4:12  Supply Depot, SCV  
  53  4:20  Engineering Bay  
  53  4:21  Engineering Bay  
  53  4:28  Barracks  
  53  4:32  Barracks, Factory Reactor  
  53  4:34  Marine  
  53  4:36  SCV  
  53  4:37  SCV x2  
  57  4:42  Supply Depot  
  57  4:49  SCV x3  
  58  4:52  Marine  
  58  4:58  Starport Reactor  
  59  5:00  Terran Infantry Armor Level 1, Terran Infantry Weapons Level 1  
  59  5:01  SCV x3  
  62  5:11  Supply Depot  
  62  5:13  SCV x2  
  62  5:14  SCV  
  65  5:16  Barracks  
  65  5:20  Factory Tech Lab, Barracks  
  65  5:22  Marine x2  
  65  5:23  Marine  
  65  5:24  Marine x2  
  70  5:29  SCV x3  
  70  5:35  Supply Depot, Medivac x2  
  77  5:43  Marine x4  
  77  5:44  Marine  
  77  5:46  Siege Tank  
  77  5:49  Armory  
  85  5:57  SCV x2  
  85  6:00  Orbital Command, Combat Shields  
  85  6:02  Marine x3  
  85  6:03  Marine  
  90  6:09  SCV x2  
  91  6:11  Barracks Reactor  
  91  6:13  Barracks Tech Lab  
  91  6:15  Marauder  
  92  6:20  Refinery, Marine  
  93  6:32  Supply Depot x2  
  93  6:35  Siege Tank, Medivac x2, SCV  
  93  6:36  Supply Depot  
  101  6:43  Marine  
  101  6:44  SCV  
  101  6:45  Marine  
  101  6:46  SCV  
  101  6:47  Marine x2  
  101  6:50  Marine  
  101  6:52  Marine  
  99  6:57  Marine x2  
  99  7:00  SCV x3  
  101  7:01  Terran Infantry Weapons Level 2, Terran Infantry Armor Level 2, Marine  
  101  7:04  Marauder  
  101  7:05  Marine x2  
  101  7:07  Siege Tank  
  101  7:08  Marine  
  109  7:10  Terran Vehicle Weapons Level 1  
  109  7:13  Marauder, Medivac  
  115  7:15  SCV x2  
  115  7:16  SCV  
  115  7:18  Refinery  
  115  7:19  Supply Depot  
  115  7:22  Supply Depot  
  115  7:32  Marine x3, Marauder  
  115  7:33  Marine  
  115  7:34  Marine x2  
  115  7:35  Marauder  
  125  7:40  Siege Tank  
  125  7:50  Marine x2  
  119  7:58  Marine x4, Marauder x2  
  112  8:00  Medivac x2  
  119  8:08  Marine x2  
  119  8:10  Supply Depot  
  119  8:12  Barracks  
  121  8:13  Barracks x2, Supply Depot  
  121  8:15  Marine, Command Center  
  121  8:19  Siege Tank, Marauder  
  127  8:20  Marine x2, Marauder  
  120  8:35  Medivac x2  
  120  8:39  Marine x6  
  120  8:41  Marauder x2  
  131  8:51  Siege Tank  
  134  8:57  Marine  
  134  9:02  Marauder  
  132  9:05  Marine x2  
  132  9:06  Marauder  
  132  9:14  Marine  
  117  9:21  Marine x2  
  117  9:22  Concussive Shells, Barracks Tech Lab, Barracks Reactor  
  117  9:23  Barracks Reactor  
  117  9:24  Marauder  
  119  9:27  Marauder  
  119  9:28  Terran Infantry Weapons Level 3, Terran Infantry Armor Level 3  
  119  9:29  Marine x3  
  124  9:32  Marine  
  123  9:39  Marine x2  
  123  9:40  Siege Tank, Marine  
  123  9:42  Terran Vehicle Weapons Level 2  
  123  9:45  Marauder  
  131  9:47  Marine x3  
  131  9:48  Marauder  
  131  9:50  Command Center  
  131  9:52  Marine  
  137  9:57  Supply Depot x3, Marine x2  
  137  9:58  Marauder  
  141  10:04  Marine  
  141  10:05  Marine  
  141  10:06  Marauder  
  142  10:09  Marine x3  
  142  10:10  Marine x3, Marauder  
  150  10:15  Liberator x2, Marine  
  150  10:20  Orbital Command, Marauder  
  153  10:24  Refinery  
  153  10:27  Starport  
  157  10:30  Fusion Core  
  157  10:35  Siege Tank, Marine  
  158  10:36  Marine x5, Marauder x2  
  149  10:52  Marine, Marauder  
  149  10:53  Marine x5  
  149  10:55  Marine x2  
  159  10:57  Marauder  
  159  10:58  Liberator x2  
  156  11:09  Starport Tech Lab  
  134  11:28  Marine  
  134  11:29  Marine x8, Marauder x2  
  114  11:40  Marine  
  114  11:41  Marauder  
  114  11:46  Marine  
  103  11:49  Marine  
  103  11:50  Marine x5, Marauder x2  
  109  12:06  Command Center  
  109  12:07  Liberator  
  108  12:17  Orbital Command  
  108  12:22  SCV x2  
  113  12:34  SCV x2  
  115  12:44  Marine x2  
  115  12:45  Marine x2, Marauder x2  
  115  12:49  SCV x2  
  125  12:54  SCV  
  126  13:01  Liberator x2  
  126  13:16  Siege Tank, Marine x3  
  126  13:17  Marauder x2  
  142  13:24  Orbital Command  
  142  13:31  Orbital Command  
  128  13:34  Marine  
  128  13:35  Marine x6, Marauder  
  117  13:56  SCV  
  119  14:08  Orbital Command  
  109  14:46  Liberator  
  109  14:47  Liberator  
  71  14:53  Marine  
  71  14:54  Marine x5  
  71  14:55  Marauder  
  77  15:39  SCV x3  
  77  15:41  SCV  
  77  15:42  Marine x4, Marauder x3  
  89  15:43  Marine x3  
  94  16:05  SCV  
  94  16:06  SCV x2  
  97  16:13  Orbital Command  
  97  16:20  Marine, SCV x3  
  97  16:21  Marine x5, Marauder x2  
  110  16:29  Siege Tank  
  113  16:41  Marine  
  113  16:42  Marine x4, Marauder  
  113  16:47  Liberator  
  119  17:00  Liberator  
  119  17:01  Siege Tank  
  119  17:04  Marine  
  119  17:05  Marine x4, Marauder x2  
  119  17:08  SCV x2  
  135  17:15  Marine x2  
  140  17:23  SCV x2  
  140  17:24  SCV x2  
Tags
 
Add a new tag
Caveats
  • Supply blocks, unpowered buildings, or Contaminate may cause inaccurate times.
  • Supply counts are checked every 10 seconds.